Map: 暮色之塔

Players

Fury - Winner!

  • Race: Zerg Zerg

shengy

  • Race: Zerg Zerg

VOD

Have the link to the VOD?

Description

Time

  • Played on: Feb. 11, 2016, 8:10 p.m.
  • Length: 11:07
Show
View Real Time Build Order
Export as new Build Order

Fury Zerg - Winner!

Build Orders: Hatch First 

Get SALT Encoding   

  12  0:01  Drone  
  13  0:12  Overlord  
  13  0:20  Drone  
  14  0:22  Drone, Extractor  
  15  0:32  Drone  
  15  0:35  Drone  
  17  0:53  Hatchery  
  17  0:55  Drone  
  17  0:59  Drone, Extractor  
  17  1:15  Spawning Pool  
  17  1:16  Drone  
  17  1:24  Drone  
  18  1:28  Drone  
  19  1:48  Drone  
  19  1:53  Drone  
  21  2:02  Metabolic Boost  
  21  2:04  Queen  
  21  2:05  Queen  
  21  2:07  Zergling x4  
  27  2:11  Overlord  
  27  2:24  Drone  
  28  2:35  Baneling Nest, Drone  
  28  2:36  Drone x2  
  30  2:39  Drone  
  31  2:44  Queen  
  31  2:48  Drone x2  
  35  2:54  Drone  
  36  3:01  Overlord  
  36  3:23  Zergling x2  
  36  3:24  Zergling x10  
  40  3:45  Baneling x3  
  40  3:47  Drone x3  
  43  3:53  Extractor  
  43  3:54  Extractor  
  41  4:05  Roach Warren  
  41  4:06  Drone x3  
  41  4:07  Drone  
  41  4:08  Overlord x2  
  43  4:18  Baneling x2  
  43  4:31  Lair  
  43  4:32  Drone x2  
  43  4:35  Drone x5  
  50  4:39  Evolution Chamber  
  50  4:40  Evolution Chamber  
  50  4:45  Drone x4  
  52  4:46  Drone  
  53  5:00  Queen  
  55  5:10  Zerg Missile Weapons Level 1, Zerg Ground Armor Level 1  
  55  5:23  Overlord x4  
  55  5:24  Overlord  
  55  5:28  Overseer  
  55  5:33  Glial Reconstitution  
  55  6:13  Roach x3  
  55  6:14  Roach x13  
  87  6:35  Roach  
  87  6:36  Roach x5  
  99  6:56  Hatchery  
  98  7:15  Overlord x5  
  98  7:24  Infestation Pit  
  97  7:32  Zerg Missile Weapons Level 2  
  97  7:33  Zerg Ground Armor Level 2  
  97  7:36  Drone  
  98  7:39  Drone  
  98  7:40  Extractor, Drone  
  98  7:41  Drone  
  98  7:42  Drone x2  
  102  7:45  Roach x3  
  96  8:10  Roach  
  96  8:11  Roach x6  
  110  8:15  Roach  
  112  8:29  Drone x3  
  112  8:30  Roach x4  
  123  8:34  Ravager  
  123  8:35  Ravager x2  
  123  8:36  Ravager  
  123  8:38  Ravager  
  128  8:48  Roach  
  128  8:49  Roach x4  
  128  8:50  Roach  
  128  8:51  Extractor  
  128  8:54  Extractor  
  138  8:56  Overseer  
  138  9:21  Drone  
  138  9:22  Drone x4  
  138  9:23  Drone  
  144  9:25  Overlord x4  
  144  9:26  Overlord  
  144  9:44  Overlord x2  
  144  9:45  Roach  
  146  9:46  Roach x6  
  158  9:54  Hive  
  158  10:05  Infestor x2  
  158  10:06  Infestor  
  164  10:09  Roach  
  164  10:10  Roach x6  
  178  10:22  Extractor, Drone x3  
  178  10:23  Hatchery  
  178  10:25  Extractor  
  178  10:30  Overlord  
  178  10:46  Roach x6  
  178  10:47  Roach  
  178  10:49  Spore Crawler  
  191  10:52  Spore Crawler x3  
  191  10:54  Spore Crawler  
  183  11:02  Spore Crawler  
  168  11:04  Spore Crawler  
  168  11:05  Spore Crawler  
Show
View Real Time Build Order
Export as new Build Order

shengy Zerg 

Build Orders: Hatch First 

Get SALT Encoding   

  12  0:01  Drone  
  13  0:08  Drone  
  14  0:20  Overlord  
  14  0:38  Drone x3  
  17  0:57  Drone  
  17  0:59  Hatchery  
  17  1:13  Spawning Pool  
  17  1:15  Drone  
  17  1:18  Drone  
  18  1:21  Extractor  
  18  1:24  Drone  
  18  1:32  Overlord  
  18  1:48  Drone  
  19  1:57  Drone  
  20  2:11  Queen  
  20  2:12  Zergling x2  
  20  2:15  Queen  
  23  2:18  Zergling x4  
  23  2:22  Metabolic Boost  
  27  2:27  Drone  
  28  2:36  Roach Warren  
  27  2:37  Drone  
  27  2:38  Drone  
  29  3:02  Baneling Nest  
  28  3:09  Drone  
  28  3:10  Drone x5  
  28  3:11  Extractor  
  29  3:47  Lair  
  29  3:56  Drone  
  29  3:57  Drone x3  
  33  4:04  Overlord  
  33  4:10  Evolution Chamber  
  31  4:19  Roach x2  
  31  4:20  Overlord x2  
  31  4:22  Overlord  
  35  4:31  Roach x4  
  37  4:36  Zerg Missile Weapons Level 1  
  43  4:46  Glial Reconstitution  
  43  4:51  Extractor  
  42  4:53  Roach  
  42  4:54  Zergling x2  
  42  4:55  Zergling x8  
  49  5:02  Baneling  
  49  5:03  Baneling  
  49  5:04  Baneling  
  49  5:14  Drone  
  49  5:15  Drone x2  
  49  5:16  Drone x2  
  54  5:25  Overseer  
  54  5:33  Drone  
  54  5:34  Drone x4  
  59  5:48  Drone x5  
  63  5:55  Ravager  
  63  5:56  Ravager  
  66  5:57  Ravager x2  
  66  6:01  Overlord  
  67  6:10  Overlord  
  67  6:17  Extractor  
  66  6:19  Queen  
  68  6:30  Zerg Missile Weapons Level 2  
  68  6:32  Drone x5  
  73  6:33  Drone x3  
  76  6:52  Roach  
  76  6:53  Roach x2  
  82  7:00  Overlord x2  
  82  7:01  Overlord  
  82  7:17  Hatchery  
  81  7:28  Roach x4  
  81  7:29  Roach x3  
  95  7:40  Overseer  
  95  7:42  Overseer  
  95  7:47  Overlord  
  95  7:48  Roach x2  
  94  8:03  Roach x2  
  94  8:04  Roach  
  100  8:25  Tunneling Claws  
  100  8:26  Infestation Pit  
  100  8:27  Hatchery, Burrow  
  98  8:35  Hatchery  
  97  8:50  Extractor, Spire, Overlord  
  97  8:51  Roach x6  
  107  8:56  Extractor  
  107  9:01  Hatchery, Extractor  
  104  9:03  Extractor  
  103  9:17  Overlord x2  
  103  9:18  Overlord x2  
  103  9:23  Hive  
  103  9:41  Overseer  
  101  10:06  Mutalisk  
  99  10:07  Mutalisk x8  
  117  10:15  Overseer  
  117  10:20  Queen, Overlord  
  119  10:21  Drone  
  120  10:52  Ultralisk Cavern  
Tags
 
Add a new tag
Caveats
  • Supply blocks, unpowered buildings, or Contaminate may cause inaccurate times.
  • Supply counts are checked every 10 seconds.